Rhode Island Whales vs Philadelphia Phantoms
Created - Monday, July 1, 2024 at 08:58
Goals
|
| Rhode Island Whales |
1 |
1 |
2 |
4 |
| Philadelphia Phantoms |
0 |
1 |
2 |
3 |
|
Shots
|
| Rhode Island Whales |
15 |
12 |
16 |
43 |
| Philadelphia Phantoms |
15 |
3 |
13 |
31 |
|
1st period
1. Rhode Island Whales , Lukas Reichel 19 (Oliver Wahlstrom 10, Paul Stastny 25) at 8:23
Penalties :
Tim Berni (PHP) for Hooking (Minor) at 0:22, Tim Gettinger (PHP) for Goalie Interference (Minor) at 9:38, Marcus Bjork (PHP) for Hooking (Minor) at 17:14
2nd period
2. Rhode Island Whales , Lias Andersson 11 (Brett Howden 11, Torey Krug 11) at 2:12 (PP)
3. Philadelphia Phantoms , Nils Aman 3 (Pontus Holmberg 11, Nick Blankenburg 12) at 2:49
Penalties :
Louis Crevier (PHP) for Roughing (Minor) at 1:10, Brandon Duhaime (PHP) for Fighting (Major) at 14:30, Lias Andersson (RIW) for Fighting (Major) at 14:30, Brandon Duhaime (PHP) for instigated a fight (Minor) at 14:30, Brandon Duhaime (PHP) for instigated a fight (10 Minutes Misconduct) at 14:30
3rd period
4. Rhode Island Whales , Lukas Reichel 20 (Oliver Wahlstrom 11, Paul Stastny 26) at 0:10
5. Philadelphia Phantoms , Nick Blankenburg 4 (Lukas Rousek 9) at 4:47 (PP)
6. Rhode Island Whales , Lukas Reichel 21 (Paul Stastny 27) at 6:45
7. Philadelphia Phantoms , Pontus Holmberg 3 (Jack McBain 13, Tye Kartye 3) at 11:51 (PP)
Penalties :
Connor Clifton (RIW) for Interference (Minor) at 4:37, Raphael Lavoie (RIW) for Hooking (Minor) at 11:15, Adam Klapka (PHP) for Cross-checking (Minor) at 15:17
Goalie Stats
Martin Jones (RIW), 28 saves from 31 shots - (0.903), W, 13-9-1, 60:00 minutes
Devin Cooley (PHP), 39 saves from 43 shots - (0.907), L, 14-6-2, 58:49 minutes
Players Stats for Rhode Island Whales
Player Name G A P +/- PIM S H SB GA TA FO MP PP MP PK MP
------------------------------------------------------------------------------------
Braden Schneider 0 0 0 0 0 0 1 1 0 1 0/0 21:45 5:48 0:36
Brayden Tracey 0 0 0 0 0 1 3 0 0 0 0/0 11:48 0:14 0:00
Brett Howden 0 1 1 0 0 1 0 0 2 0 0/0 18:43 5:11 0:00
Connor Clifton 0 0 0 0 2 0 1 1 0 3 0/0 21:01 5:48 0:36
Cross Hanas 0 0 0 -1 0 0 0 0 1 0 0/0 8:21 0:00 0:00
Graeme Clarke 0 0 0 0 0 3 4 0 0 2 0/1 18:43 5:15 0:00
Isak Rosen 0 0 0 -1 0 0 1 0 0 0 2/7 8:48 0:00 0:00
Justin Barron 0 0 0 0 0 1 0 1 0 1 0/0 13:16 0:31 0:10
Lias Andersson 1 0 1 0 5 7 1 0 1 1 6/14 16:48 4:45 0:18
Lukas Reichel 3 0 3 3 0 7 3 1 2 0 2/5 18:47 5:06 0:28
Martin Kaut 0 0 0 0 0 2 1 2 0 0 0/2 13:56 0:35 0:00
Nils Lundkvist 0 0 0 0 0 0 1 1 0 0 0/0 12:54 0:31 0:00
Oliver Wahlstrom 0 2 2 3 0 6 1 0 0 1 0/0 19:24 4:53 0:28
Paul Stastny 0 3 3 3 0 2 4 0 0 0 17/25 18:41 5:00 0:18
Raphael Lavoie 0 0 0 0 2 3 1 1 0 0 2/6 15:17 1:03 0:00
Simon Holmstrom 0 0 0 -1 0 0 0 0 0 0 0/0 9:44 0:49 0:00
Torey Krug 0 1 1 2 0 7 0 2 3 1 0/0 25:11 4:38 0:00
Trevor van Riemsdyk 0 0 0 2 0 3 1 1 0 3 0/0 26:04 4:38 0:10
Players Stats for Philadelphia Phantoms
Player Name G A P +/- PIM S H SB GA TA FO MP PP MP PK MP
------------------------------------------------------------------------------------
Adam Klapka 0 0 0 0 2 3 2 0 1 1 6/11 16:54 0:00 3:50
Alex Steeves 0 0 0 0 0 1 2 0 1 0 0/1 11:42 0:00 0:00
Brandon Duhaime 0 0 0 0 17 2 2 0 2 0 0/1 13:50 0:00 3:52
Casey Fitzgerald 0 0 0 -1 0 2 2 0 1 1 0/0 15:34 0:00 0:21
Egor Afanasyev 0 0 0 0 0 5 0 0 2 1 1/1 14:25 0:36 0:00
Ethen Frank 0 0 0 0 0 2 0 0 0 1 5/9 14:51 0:36 1:35
Jack McBain 0 1 1 -3 0 1 2 0 1 0 15/27 19:21 0:10 5:36
Juuso Parssinen 0 0 0 -3 0 0 0 0 0 0 0/1 13:25 0:00 1:23
Louis Crevier 0 0 0 0 2 1 1 1 0 0 0/0 17:38 0:00 0:40
Lukas Rousek 0 1 1 1 0 1 5 1 1 0 1/1 12:10 0:36 0:00
Marcus Bjork 0 0 0 -1 2 2 0 0 0 1 0/0 20:06 0:46 4:31
Nick Blankenburg 1 1 2 -1 0 2 1 1 1 2 0/0 23:38 0:46 6:33
Nils Aman 1 0 1 1 0 2 0 0 0 0 0/0 16:44 0:00 5:31
Pontus Holmberg 1 1 2 1 0 2 0 2 0 0 3/8 11:23 0:10 0:00
Tim Berni 0 0 0 0 2 0 1 3 0 0 0/0 21:29 0:00 4:14
Tim Gettinger 0 0 0 0 2 3 1 0 3 0 0/0 12:37 0:00 0:00
Tye Kartye 0 1 1 -3 0 0 0 0 0 0 0/0 11:08 0:10 0:07
William Borgen 0 0 0 -1 0 2 1 0 0 2 0/0 22:02 0:00 5:35
3 Stars
1 - Lukas Reichel (RIW)
2 - Paul Stastny (RIW)
3 - Oliver Wahlstrom (RIW)
Power Play
Rhode Island Whales - 1 on 6 Attempt(s) - 16.67%
Philadelphia Phantoms - 2 on 2 Attempt(s) - 100.00%
Penalty Kill
Rhode Island Whales - 0 on 2 Attempt(s) - 0.00%
- Score 0 goal in Penalty Kill
Philadelphia Phantoms - 5 on 6 Attempt(s) - 83.33%
- Score 0 goal in Penalty Kill
Team Stat
Rhode Island Whales - Hits : 23 - Faceoff Wins : 29 - Blocked Shots : 11 - Penalty Minutes : 9
Philadelphia Phantoms - Hits : 20 - Faceoff Wins : 31 - Blocked Shots : 8 - Penalty Minutes : 27
Official
Referees : Dennis LaRue and Kyle Rehman
Linesman : Devin Berg and Mike Cvik
Game Notes
Brandon Duhaime and Lias Andersson fight to a draw at 14:30 of 2nd period
Lukas Reichel has scored a Hat Trick!
Rhode Island Whales
5 vs 5 Forward
Center Left Wing Right Wing Time % Phy DF OF
1 Paul Stastny Lukas Reichel Oliver Wahlstrom 30 1 2 2
2 Lias Andersson Brett Howden Graeme Clarke 30 1 2 2
3 Raphael Lavoie Brayden Tracey Martin Kaut 25 1 2 2
4 Isak Rosen Cross Hanas Simon Holmstrom 15 1 2 2
5 vs 5 Defense
Defense Defense Time % Phy DF OF
1 Torey Krug Trevor van Riemsdyk 30 1 2 2
2 Connor Clifton Braden Schneider 30 1 2 2
3 Justin Barron Nils Lundkvist 25 1 2 2
4 Torey Krug Trevor van Riemsdyk 15 1 2 2
PowerPlay Forward
Center Left Wing Right Wing Time % Phy DF OF
1 Paul Stastny Lukas Reichel Oliver Wahlstrom 50 1 2 2
2 Lias Andersson Brett Howden Graeme Clarke 50 1 2 2
PowerPlay Defense
Defense Defense Time % Phy DF OF
1 Torey Krug Trevor van Riemsdyk 50 1 1 3
2 Connor Clifton Braden Schneider 50 1 2 2
Penalty Kill 4 Players Forward
Center Wing Time % Phy DF OF
1 Lukas Reichel Oliver Wahlstrom 50 1 3 1
2 Paul Stastny Lias Andersson 50 1 3 1
Penalty Kill 4 Players Defense
Defense Defense Time % Phy DF OF
1 Justin Barron Trevor van Riemsdyk 50 1 3 1
2 Connor Clifton Braden Schneider 50 1 3 1
Penalty Kill - 3 Players Forward
Forward Time % Phy DF OF
1 Lukas Reichel 50 1 3 1
2 Oliver Wahlstrom 50 1 3 1
Penalty Kill - 3 Players Defense
Defense Defense Time % Phy DF OF
1 Justin Barron Trevor van Riemsdyk 50 1 4 0
2 Connor Clifton Braden Schneider 50 1 4 0
4 vs 4 Forward
Center Wing Time % Phy DF OF
1 Lukas Reichel Oliver Wahlstrom 50 1 2 2
2 Paul Stastny Lias Andersson 50 1 2 2
4 vs 4 Defense
Defense Defense Time % Phy DF OF
1 Torey Krug Trevor van Riemsdyk 50 1 2 2
2 Connor Clifton Braden Schneider 50 1 2 2
Last Minutes Offensive
Center Left Wing Right Wing Defense Defense
Paul Stastny Lukas Reichel Oliver Wahlstrom Torey Krug Trevor van Riemsdyk
Last Minutes Defensive
Center Left Wing Right Wing Defense Defense
Paul Stastny Lukas Reichel Oliver Wahlstrom Braden Schneider Trevor van Riemsdyk
Goaltenders
Starting : Martin Jones
Backup : Dylan Garand
Extra Forwards
Normal : Raphael Lavoie, Martin Kaut, Simon Holmstrom - PP : Raphael Lavoie, Martin Kaut - PK : Simon Holmstrom
Extra Defensemen
Normal : Justin Barron, Nils Lundkvist, Connor Clifton - PP : Justin Barron - PK : Nils Lundkvist, Connor Clifton
Penalty Shots
Lukas Reichel, Oliver Wahlstrom, Paul Stastny, Lias Andersson, Brett Howden
Philadelphia Phantoms
5 vs 5 Forward
Center Left Wing Right Wing Time % Phy DF OF
1 Jack McBain Tye Kartye Juuso Parssinen 25 1 2 2
2 Ethen Frank Egor Afanasyev Alex Steeves 25 0 2 3
3 Pontus Holmberg Nils Aman Lukas Rousek 25 0 2 3
4 Adam Klapka Tim Gettinger Brandon Duhaime 25 1 2 2
5 vs 5 Defense
Defense Defense Time % Phy DF OF
1 William Borgen Nick Blankenburg 35 1 2 2
2 Tim Berni Louis Crevier 35 1 2 2
3 Marcus Bjork Casey Fitzgerald 30 1 2 2
4 William Borgen Nick Blankenburg 0 1 2 2
PowerPlay Forward
Center Left Wing Right Wing Time % Phy DF OF
1 Ethen Frank Egor Afanasyev Lukas Rousek 60 0 1 4
2 Jack McBain Tye Kartye Pontus Holmberg 40 0 1 4
PowerPlay Defense
Defense Defense Time % Phy DF OF
1 Nick Blankenburg Marcus Bjork 60 0 2 3
2 William Borgen Casey Fitzgerald 40 0 2 3
Penalty Kill 4 Players Forward
Center Wing Time % Phy DF OF
1 Jack McBain Nils Aman 55 0 3 2
2 Adam Klapka Brandon Duhaime 45 0 3 2
Penalty Kill 4 Players Defense
Defense Defense Time % Phy DF OF
1 William Borgen Nick Blankenburg 55 0 4 1
2 Tim Berni Marcus Bjork 45 0 4 1
Penalty Kill - 3 Players Forward
Forward Time % Phy DF OF
1 Jack McBain 50 0 5 0
2 Nils Aman 50 0 5 0
Penalty Kill - 3 Players Defense
Defense Defense Time % Phy DF OF
1 William Borgen Nick Blankenburg 50 0 5 0
2 Tim Berni Marcus Bjork 50 0 5 0
4 vs 4 Forward
Center Wing Time % Phy DF OF
1 Jack McBain Juuso Parssinen 50 0 2 3
2 Ethen Frank Tye Kartye 50 0 2 3
4 vs 4 Defense
Defense Defense Time % Phy DF OF
1 William Borgen Nick Blankenburg 50 1 2 2
2 Tim Berni Louis Crevier 50 1 2 2
Last Minutes Offensive
Center Left Wing Right Wing Defense Defense
Jack McBain Egor Afanasyev Ethen Frank William Borgen Nick Blankenburg
Last Minutes Defensive
Center Left Wing Right Wing Defense Defense
Jack McBain Nils Aman Brandon Duhaime William Borgen Nick Blankenburg
Goaltenders
Starting : Devin Cooley
Backup : Taylor Gauthier
Extra Forwards
Normal : Jack McBain, Juuso Parssinen, Egor Afanasyev - PP : Jack McBain, Juuso Parssinen - PK : Jack McBain
Extra Defensemen
Normal : Nick Blankenburg, William Borgen, Marcus Bjork - PP : Nick Blankenburg - PK : Nick Blankenburg, William Borgen
Penalty Shots
Ethen Frank, Tye Kartye, Lukas Rousek, Alex Steeves, Tim Gettinger
% Time on Ice - Rhode Island Whales
Lines # - Real PCT - Wanted PCT - Time Play
Normal Forward
1 - 27% - 30% - 12:43
2 - 31% - 30% - 14:37
3 - 24% - 25% - 11:29
4 - 18% - 15% - 8:21
Normal Defense
1 - 30% - 30% - 14:04
2 - 30% - 30% - 14:14
3 - 25% - 25% - 12:01
4 - 15% - 15% - 6:51
PP Forward
1 - 45% - 50% - 4:53
2 - 55% - 50% - 6:04
PP Defense
1 - 47% - 50% - 5:09
2 - 53% - 50% - 5:48
PK Forward
1 - 61% - 50% - 0:28
2 - 39% - 50% - 0:18
PK Defense
1 - 22% - 50% - 0:10
2 - 78% - 50% - 0:36
PK3 Forward
1 - 0% - 50%
2 - 0% - 50%
PK3 Defense
1 - 0% - 50%
2 - 0% - 50%
44 Forward
1 - 0% - 50%
2 - 0% - 50%
44 Defense
1 - 0% - 50%
2 - 0% - 50%
Last Minute Offensive - 0:00
Last Minute Defensive - 1:07
Total
Forward - 60:00
Defense - 60:00
|
% Time on Ice - Philadelphia Phantoms
Lines # - Real PCT - Wanted PCT - Time Play
Normal Forward
1 - 23% - 25% - 10:48
2 - 28% - 25% - 13:26
3 - 24% - 25% - 11:13
4 - 25% - 25% - 11:42
Normal Defense
1 - 35% - 35% - 16:26
2 - 33% - 35% - 15:46
3 - 32% - 30% - 14:57
4 - 0% - 0% - 0:00
PP Forward
1 - 78% - 60% - 0:36
2 - 22% - 40% - 0:10
PP Defense
1 - 100% - 60% - 0:46
2 - 0% - 40% - 0:00
PK Forward
1 - 53% - 55% - 5:50
2 - 47% - 45% - 5:07
PK Defense
1 - 46% - 55% - 5:05
2 - 54% - 45% - 5:52
PK3 Forward
1 - 0% - 50%
2 - 0% - 50%
PK3 Defense
1 - 0% - 50%
2 - 0% - 50%
44 Forward
1 - 0% - 50%
2 - 0% - 50%
44 Defense
1 - 0% - 50%
2 - 0% - 50%
Last Minute Offensive - 1:08
Last Minute Defensive - 0:00
Total
Forward - 60:00
Defense - 60:00
|
Play-by-Play
1st period
0:01 of 1st period - Paul Stastny wins face-off versus Juuso Parssinen in neutral zone.
0:06 of 1st period - Slapshot by Oliver Wahlstrom.
0:06 of 1st period - Stopped by Devin Cooley with a rebound.
0:08 of 1st period - Slapshot by Trevor van Riemsdyk.
0:08 of 1st period - Shot Misses the Net.
0:10 of 1st period - Slapshot by Oliver Wahlstrom.
0:10 of 1st period - Shot Misses the Net.
0:12 of 1st period - Slapshot by Trevor van Riemsdyk.
0:12 of 1st period - Stopped by Devin Cooley without a rebound.
0:13 of 1st period - Ethen Frank wins face-off versus Lias Andersson in Philadelphia Phantoms zone.
0:20 of 1st period - Wrist shot by Lias Andersson.
0:20 of 1st period - Stopped by Devin Cooley with a rebound.
0:22 of 1st period - Minor Penalty to Tim Berni for Hooking.
0:23 of 1st period - Jack McBain wins face-off versus Paul Stastny in Philadelphia Phantoms zone.
0:31 of 1st period - Icing by Trevor van Riemsdyk.
0:32 of 1st period - Jack McBain wins face-off versus Paul Stastny in Rhode Island Whales zone.
0:33 of 1st period - Wrist shot by Nils Aman.
0:33 of 1st period - Shot Misses the Net.
0:50 of 1st period - Off-side.
0:51 of 1st period - Lias Andersson wins face-off versus Adam Klapka in neutral zone.
1:33 of 1st period - Lukas Reichel is hit by Jack McBain and loses puck.
2:22 of 1st period - Penalty to Tim Berni is over, Tim Berni is back on ice.
2:59 of 1st period - Wrist shot by Egor Afanasyev.
2:59 of 1st period - Stopped by Martin Jones with a rebound.
3:13 of 1st period - Justin Barron is hit by Lukas Rousek and loses puck.
3:56 of 1st period - Casey Fitzgerald is hit by Paul Stastny and loses puck.
4:39 of 1st period - Snap shot by Ethen Frank.
4:39 of 1st period - Shot Misses the Net.
5:24 of 1st period - Slapshot by Martin Kaut.
5:24 of 1st period - Stopped by Devin Cooley with a rebound.
5:26 of 1st period - Slapshot by Justin Barron.
5:26 of 1st period - Stopped by Devin Cooley with a rebound.
5:28 of 1st period - Slapshot by Martin Kaut.
5:28 of 1st period - Deflect By Raphael Lavoie.
5:28 of 1st period - Shot Misses the Net.
5:28 of 1st period - Puck is out of play.
5:29 of 1st period - Lias Andersson wins face-off versus Ethen Frank in Philadelphia Phantoms zone.
5:32 of 1st period - Snap shot by Graeme Clarke.
5:32 of 1st period - Stopped by Devin Cooley with a rebound.
6:19 of 1st period - Slapshot by Torey Krug.
6:19 of 1st period - Shot Blocked by Tim Berni.
6:21 of 1st period - Snap shot by Torey Krug.
6:21 of 1st period - Stopped by Devin Cooley with a rebound.
6:45 of 1st period - Brett Howden is hit by Tim Gettinger.
7:03 of 1st period - Icing by Ethen Frank.
7:04 of 1st period - Ethen Frank wins face-off versus Isak Rosen in Philadelphia Phantoms zone.
7:44 of 1st period - Off-side.
7:45 of 1st period - Pontus Holmberg wins face-off versus Paul Stastny in neutral zone.
7:58 of 1st period - Nils Aman is hit by Oliver Wahlstrom and loses puck.
8:15 of 1st period - Snap shot by Lias Andersson.
8:15 of 1st period - Stopped by Devin Cooley with a rebound.
8:17 of 1st period - Slapshot by Graeme Clarke.
8:17 of 1st period - Stopped by Devin Cooley with a rebound.
8:19 of 1st period - Snap shot by Lias Andersson.
8:19 of 1st period - Stopped by Devin Cooley without a rebound.
8:20 of 1st period - Paul Stastny wins face-off versus Jack McBain in Philadelphia Phantoms zone.
8:23 of 1st period - Backhand shot by Oliver Wahlstrom.
8:23 of 1st period - Deflect By Lukas Reichel.
8:23 of 1st period - Goal by Lukas Reichel - Rhode Island Whales : 1 - Philadelphia Phantoms : 0.
8:24 of 1st period - Paul Stastny wins face-off versus Jack McBain in neutral zone.
8:49 of 1st period - Trevor van Riemsdyk is hit by Lukas Rousek and loses puck.
9:08 of 1st period - Snap shot by Alex Steeves.
9:08 of 1st period - Stopped by Martin Jones without a rebound.
9:09 of 1st period - Ethen Frank wins face-off versus Martin Kaut in Rhode Island Whales zone.
9:10 of 1st period - Snap shot by Egor Afanasyev.
9:10 of 1st period - Deflect By Ethen Frank.
9:10 of 1st period - Stopped by Martin Jones with a rebound.
9:12 of 1st period - Slapshot by Egor Afanasyev.
9:12 of 1st period - Stopped by Martin Jones with a rebound.
9:14 of 1st period - Snap shot by Casey Fitzgerald.
9:14 of 1st period - Stopped by Martin Jones without a rebound.
9:15 of 1st period - Raphael Lavoie wins face-off versus Alex Steeves in Rhode Island Whales zone.
9:20 of 1st period - Slapshot by Alex Steeves.
9:20 of 1st period - Shot Hit the Post.
9:22 of 1st period - Slapshot by Casey Fitzgerald.
9:22 of 1st period - Shot Misses the Net.
9:24 of 1st period - Slapshot by Marcus Bjork.
9:24 of 1st period - Stopped by Martin Jones with a rebound.
9:26 of 1st period - Slapshot by Casey Fitzgerald.
9:26 of 1st period - Shot Blocked by Martin Kaut.
9:28 of 1st period - Wrist shot by Alex Steeves.
9:28 of 1st period - Shot Misses the Net.
9:30 of 1st period - Snap shot by Alex Steeves.
9:30 of 1st period - Deflect By Egor Afanasyev.
9:30 of 1st period - Stopped by Martin Jones without a rebound.
9:31 of 1st period - Paul Stastny wins face-off versus Adam Klapka in Rhode Island Whales zone.
9:31 of 1st period - Paul Stastny is hit by Nick Blankenburg.
9:38 of 1st period - Minor Penalty to Tim Gettinger for Goalie Interference.
9:39 of 1st period - Lias Andersson wins face-off versus Jack McBain in Philadelphia Phantoms zone.
10:05 of 1st period - Nick Blankenburg is hit by Paul Stastny and loses puck.
10:12 of 1st period - Snap shot by Paul Stastny.
10:12 of 1st period - Deflect By Oliver Wahlstrom.
10:12 of 1st period - Stopped by Devin Cooley with a rebound.
10:14 of 1st period - Snap shot by Torey Krug.
10:14 of 1st period - Shot Misses the Net.
10:16 of 1st period - Wrist shot by Lukas Reichel.
10:16 of 1st period - Stopped by Devin Cooley with a rebound.
11:38 of 1st period - Penalty to Tim Gettinger is over, Tim Gettinger is back on ice.
11:45 of 1st period - Trevor van Riemsdyk is hit by Brandon Duhaime and loses puck.
11:50 of 1st period - Wrist shot by Tim Gettinger.
11:50 of 1st period - Shot Misses the Net.
11:52 of 1st period - Wrist shot by Brandon Duhaime.
11:52 of 1st period - Shot Blocked by Trevor van Riemsdyk.
11:54 of 1st period - Snap shot by Brandon Duhaime.
11:54 of 1st period - Shot Misses the Net.
11:56 of 1st period - Wrist shot by Brandon Duhaime.
11:56 of 1st period - Stopped by Martin Jones with a rebound.
11:58 of 1st period - Slapshot by Casey Fitzgerald.
11:58 of 1st period - Stopped by Martin Jones with a rebound.
12:00 of 1st period - Snap shot by Brandon Duhaime.
12:00 of 1st period - Stopped by Martin Jones with a rebound.
12:14 of 1st period - Graeme Clarke is hit by Adam Klapka and loses puck.
12:21 of 1st period - Wrist shot by Adam Klapka.
12:21 of 1st period - Shot Blocked by Torey Krug.
12:23 of 1st period - Slapshot by Tim Berni.
12:23 of 1st period - Shot Misses the Net.
12:25 of 1st period - Wrist shot by Adam Klapka.
12:25 of 1st period - Stopped by Martin Jones with a rebound.
12:27 of 1st period - Backhand shot by William Borgen.
12:27 of 1st period - Stopped by Martin Jones with a rebound.
12:29 of 1st period - Snap shot by Tim Gettinger.
12:29 of 1st period - Stopped by Martin Jones with a rebound.
12:31 of 1st period - Wrist shot by Adam Klapka.
12:31 of 1st period - Stopped by Martin Jones with a rebound.
12:33 of 1st period - Slapshot by Marcus Bjork.
12:33 of 1st period - Stopped by Martin Jones without a rebound.
12:34 of 1st period - Jack McBain wins face-off versus Isak Rosen in Rhode Island Whales zone.
13:03 of 1st period - Slapshot by Lukas Reichel.
13:03 of 1st period - Deflect By Oliver Wahlstrom.
13:03 of 1st period - Stopped by Devin Cooley without a rebound.
13:04 of 1st period - Pontus Holmberg wins face-off versus Lukas Reichel in Philadelphia Phantoms zone.
14:11 of 1st period - Braden Schneider is hit by Lukas Rousek and loses puck.
14:16 of 1st period - Snap shot by Lukas Rousek.
14:16 of 1st period - Shot Blocked by Braden Schneider.
14:25 of 1st period - Icing by Braden Schneider.
14:26 of 1st period - Ethen Frank wins face-off versus Isak Rosen in Rhode Island Whales zone.
15:13 of 1st period - Slapshot by Oliver Wahlstrom.
15:13 of 1st period - Stopped by Devin Cooley without a rebound.
15:14 of 1st period - Adam Klapka wins face-off versus Lukas Reichel in Philadelphia Phantoms zone.
15:23 of 1st period - Snap shot by Lukas Reichel.
15:23 of 1st period - Deflect By Oliver Wahlstrom.
15:23 of 1st period - Shot Hit the Post.
15:23 of 1st period - Puck is out of play.
15:24 of 1st period - Paul Stastny wins face-off versus Adam Klapka in Philadelphia Phantoms zone.
16:01 of 1st period - Wrist shot by Nils Aman.
16:01 of 1st period - Shot Misses the Net.
16:21 of 1st period - Nick Blankenburg is hit by Nils Lundkvist and loses puck.
17:02 of 1st period - Snap shot by Lukas Reichel.
17:02 of 1st period - Shot Misses the Net.
17:14 of 1st period - Minor Penalty to Marcus Bjork for Hooking.
17:15 of 1st period - Jack McBain wins face-off versus Lias Andersson in Philadelphia Phantoms zone.
17:20 of 1st period - Connor Clifton is hit by William Borgen and loses puck.
17:45 of 1st period - William Borgen is hit by Lukas Reichel and loses puck.
19:14 of 1st period - Penalty to Marcus Bjork is over, Marcus Bjork is back on ice.
19:29 of 1st period - Off-side.
19:30 of 1st period - Ethen Frank wins face-off versus Isak Rosen in neutral zone.
Goals for this period are 1 for Rhode Island Whales vs 0 for Philadelphia Phantoms.
Shots for this period are 15 for Rhode Island Whales vs 15 for Philadelphia Phantoms.
2nd period
0:01 of 2nd period - Lias Andersson wins face-off versus Pontus Holmberg in neutral zone.
0:04 of 2nd period - Slapshot by Torey Krug.
0:04 of 2nd period - Shot Misses the Net.
0:28 of 2nd period - Icing by Tim Gettinger.
0:29 of 2nd period - Paul Stastny wins face-off versus Brandon Duhaime in Philadelphia Phantoms zone.
0:55 of 2nd period - Pontus Holmberg is hit by Graeme Clarke and loses puck.
1:10 of 2nd period - Minor Penalty to Louis Crevier for Roughing.
1:11 of 2nd period - Jack McBain wins face-off versus Lias Andersson in Philadelphia Phantoms zone.
1:20 of 2nd period - William Borgen is hit by Graeme Clarke and loses puck.
1:40 of 2nd period - Icing by Lias Andersson.
1:41 of 2nd period - Lias Andersson wins face-off versus Jack McBain in Rhode Island Whales zone.
2:04 of 2nd period - Slapshot by Torey Krug.
2:04 of 2nd period - Stopped by Devin Cooley with a rebound.
2:12 of 2nd period - Slapshot by Lias Andersson.
2:12 of 2nd period - Goal by Lias Andersson - Rhode Island Whales : 2 - Philadelphia Phantoms : 0.
2:13 of 2nd period - Jack McBain wins face-off versus Paul Stastny in neutral zone.
2:22 of 2nd period - Connor Clifton is hit by Jack McBain.
2:38 of 2nd period - William Borgen is hit by Connor Clifton and loses puck.
2:47 of 2nd period - Slapshot by Pontus Holmberg.
2:47 of 2nd period - Shot Misses the Net.
2:49 of 2nd period - Slapshot by Nils Aman.
2:49 of 2nd period - Goal by Nils Aman - Rhode Island Whales : 2 - Philadelphia Phantoms : 1.
2:50 of 2nd period - Adam Klapka wins face-off versus Lias Andersson in neutral zone.
2:53 of 2nd period - Wrist shot by Tim Gettinger.
2:53 of 2nd period - Deflect By Adam Klapka.
2:53 of 2nd period - Shot Misses the Net.
2:53 of 2nd period - Puck is out of play.
2:54 of 2nd period - Adam Klapka wins face-off versus Lias Andersson in Rhode Island Whales zone.
3:19 of 2nd period - Slapshot by Torey Krug.
3:19 of 2nd period - Stopped by Devin Cooley without a rebound.
3:20 of 2nd period - Jack McBain wins face-off versus Martin Kaut in Philadelphia Phantoms zone.
3:20 of 2nd period - Jack McBain is hit by Brayden Tracey.
3:50 of 2nd period - Snap shot by Jack McBain.
3:50 of 2nd period - Stopped by Martin Jones without a rebound.
3:51 of 2nd period - Paul Stastny wins face-off versus Pontus Holmberg in Rhode Island Whales zone.
3:58 of 2nd period - Wrist shot by Lukas Reichel.
3:58 of 2nd period - Shot Blocked by Pontus Holmberg.
4:00 of 2nd period - Snap shot by Lukas Reichel.
4:00 of 2nd period - Stopped by Devin Cooley with a rebound.
4:02 of 2nd period - Slapshot by Trevor van Riemsdyk.
4:02 of 2nd period - Stopped by Devin Cooley without a rebound.
4:03 of 2nd period - Adam Klapka wins face-off versus Lias Andersson in Philadelphia Phantoms zone.
6:04 of 2nd period - Brandon Duhaime is hit by Brayden Tracey.
7:35 of 2nd period - Casey Fitzgerald is hit by Braden Schneider and loses puck.
8:09 of 2nd period - Paul Stastny is hit by Brandon Duhaime.
8:25 of 2nd period - Wrist shot by Martin Kaut.
8:25 of 2nd period - Shot Misses the Net.
8:27 of 2nd period - Slapshot by Martin Kaut.
8:27 of 2nd period - Stopped by Devin Cooley without a rebound.
8:28 of 2nd period - Jack McBain wins face-off versus Raphael Lavoie in Philadelphia Phantoms zone.
9:15 of 2nd period - Slapshot by Tim Gettinger.
9:15 of 2nd period - Shot Misses the Net.
9:17 of 2nd period - Backhand shot by Brandon Duhaime.
9:17 of 2nd period - Shot Blocked by Lukas Reichel.
9:33 of 2nd period - William Borgen is hit by Isak Rosen and loses puck.
10:12 of 2nd period - Oliver Wahlstrom is hit by Alex Steeves and loses puck.
11:17 of 2nd period - Wrist shot by Lukas Reichel.
11:17 of 2nd period - Stopped by Devin Cooley with a rebound.
12:06 of 2nd period - Jack McBain is hit by Brayden Tracey.
12:16 of 2nd period - Martin Kaut is hit by Tim Berni and loses puck.
12:35 of 2nd period - Snap shot by Martin Kaut.
12:35 of 2nd period - Shot Misses the Net.
12:37 of 2nd period - Wrist shot by Brayden Tracey.
12:37 of 2nd period - Stopped by Devin Cooley without a rebound.
12:38 of 2nd period - Adam Klapka wins face-off versus Paul Stastny in Philadelphia Phantoms zone.
13:23 of 2nd period - Icing by Torey Krug.
13:24 of 2nd period - Lukas Rousek wins face-off versus Lias Andersson in Rhode Island Whales zone.
13:27 of 2nd period - Snap shot by Nils Aman.
13:27 of 2nd period - Stopped by Martin Jones with a rebound.
14:13 of 2nd period - Snap shot by Brett Howden.
14:13 of 2nd period - Shot Blocked by Nick Blankenburg.
14:15 of 2nd period - Slapshot by Torey Krug.
14:15 of 2nd period - Stopped by Devin Cooley with a rebound.
14:17 of 2nd period - Snap shot by Lias Andersson.
14:17 of 2nd period - Stopped by Devin Cooley with a rebound.
14:29 of 2nd period - Slapshot by Lias Andersson.
14:29 of 2nd period - Stopped by Devin Cooley with a rebound.
14:30 of 2nd period - Brandon Duhaime and Lias Andersson fight to a draw.
14:30 of 2nd period - Penalty to Brandon Duhaime for Fighting.
14:30 of 2nd period - Penalty to Lias Andersson for Fighting.
14:30 of 2nd period - Penalty to Brandon Duhaime for instigated a fight.
14:30 of 2nd period - Penalty to Brandon Duhaime for instigated a fight.
14:31 of 2nd period - Jack McBain wins face-off versus Paul Stastny in Philadelphia Phantoms zone.
14:40 of 2nd period - Tim Berni is hit by Paul Stastny and loses puck.
16:12 of 2nd period - Tim Berni is hit by Graeme Clarke.
16:26 of 2nd period - Juuso Parssinen is hit by Trevor van Riemsdyk and loses puck.
16:30 of 2nd period - Penalty to Brandon Duhaime is over, Lukas Rousek is send on ice.
17:07 of 2nd period - Slapshot by Louis Crevier.
17:07 of 2nd period - Shot Misses the Net.
17:25 of 2nd period - Nils Lundkvist is hit by Lukas Rousek and loses puck.
19:10 of 2nd period - Icing by Justin Barron.
19:11 of 2nd period - Isak Rosen wins face-off versus Jack McBain in Rhode Island Whales zone.
19:11 of 2nd period - Isak Rosen is hit by Casey Fitzgerald.
19:27 of 2nd period - Snap shot by Alex Steeves.
19:27 of 2nd period - Shot Misses the Net.
19:43 of 2nd period - Slapshot by Raphael Lavoie.
19:43 of 2nd period - Stopped by Devin Cooley without a rebound.
19:44 of 2nd period - Jack McBain wins face-off versus Raphael Lavoie in Philadelphia Phantoms zone.
Goals for this period are 1 for Rhode Island Whales vs 1 for Philadelphia Phantoms.
Shots for this period are 12 for Rhode Island Whales vs 3 for Philadelphia Phantoms.
3rd period
0:01 of 3rd period - Paul Stastny wins face-off versus Jack McBain in neutral zone.
0:08 of 3rd period - Snap shot by Lukas Reichel.
0:08 of 3rd period - Stopped by Devin Cooley with a rebound.
0:10 of 3rd period - Slapshot by Lukas Reichel.
0:10 of 3rd period - Goal by Lukas Reichel - Rhode Island Whales : 3 - Philadelphia Phantoms : 1.
0:11 of 3rd period - Jack McBain wins face-off versus Paul Stastny in neutral zone.
0:41 of 3rd period - Wrist shot by William Borgen.
0:41 of 3rd period - Stopped by Martin Jones with a rebound.
1:21 of 3rd period - Wrist shot by Ethen Frank.
1:21 of 3rd period - Stopped by Martin Jones without a rebound.
1:22 of 3rd period - Isak Rosen wins face-off versus Ethen Frank in Rhode Island Whales zone.
1:52 of 3rd period - Simon Holmstrom is hit by Alex Steeves and loses puck.
2:27 of 3rd period - Snap shot by Egor Afanasyev.
2:27 of 3rd period - Stopped by Martin Jones with a rebound.
2:31 of 3rd period - Snap shot by Alex Steeves.
2:31 of 3rd period - Shot Misses the Net.
2:33 of 3rd period - Wrist shot by Egor Afanasyev.
2:33 of 3rd period - Deflect By Alex Steeves.
2:33 of 3rd period - Shot Blocked by Nils Lundkvist.
2:33 of 3rd period - Puck is out of play.
2:34 of 3rd period - Paul Stastny wins face-off versus Jack McBain in Rhode Island Whales zone.
2:41 of 3rd period - Snap shot by Torey Krug.
2:41 of 3rd period - Stopped by Devin Cooley with a rebound.
3:01 of 3rd period - Graeme Clarke is hit by Louis Crevier.
3:04 of 3rd period - Icing by Lias Andersson.
3:05 of 3rd period - Pontus Holmberg wins face-off versus Graeme Clarke in Rhode Island Whales zone.
3:08 of 3rd period - Snap shot by Pontus Holmberg.
3:08 of 3rd period - Shot Misses the Net.
3:10 of 3rd period - Slapshot by Lukas Rousek.
3:10 of 3rd period - Stopped by Martin Jones without a rebound.
3:11 of 3rd period - Paul Stastny wins face-off versus Pontus Holmberg in Rhode Island Whales zone.
4:16 of 3rd period - Casey Fitzgerald is hit by Paul Stastny and loses puck.
4:29 of 3rd period - Snap shot by Tim Gettinger.
4:29 of 3rd period - Deflect By Adam Klapka.
4:29 of 3rd period - Stopped by Martin Jones with a rebound.
4:31 of 3rd period - Slapshot by Tim Berni.
4:31 of 3rd period - Deflect By Egor Afanasyev.
4:31 of 3rd period - Stopped by Martin Jones without a rebound.
4:32 of 3rd period - Jack McBain wins face-off versus Lias Andersson in Rhode Island Whales zone.
4:35 of 3rd period - Slapshot by Juuso Parssinen.
4:35 of 3rd period - Shot Misses the Net.
4:37 of 3rd period - Minor Penalty to Connor Clifton for Interference.
4:38 of 3rd period - Lukas Reichel wins face-off versus Ethen Frank in Rhode Island Whales zone.
4:47 of 3rd period - Slapshot by Nick Blankenburg.
4:47 of 3rd period - Goal by Nick Blankenburg - Rhode Island Whales : 3 - Philadelphia Phantoms : 2.
4:48 of 3rd period - Paul Stastny wins face-off versus Jack McBain in neutral zone.
4:53 of 3rd period - Slapshot by Torey Krug.
4:53 of 3rd period - Shot Misses the Net.
5:01 of 3rd period - Wrist shot by Paul Stastny.
5:01 of 3rd period - Deflect By Tye Kartye.
5:01 of 3rd period - Stopped by Devin Cooley with a rebound.
5:13 of 3rd period - Pontus Holmberg is hit by Graeme Clarke and loses puck.
5:20 of 3rd period - Snap shot by Brett Howden.
5:20 of 3rd period - Shot Misses the Net.
5:22 of 3rd period - Backhand shot by Braden Schneider.
5:22 of 3rd period - Shot Blocked by Louis Crevier.
5:34 of 3rd period - Snap shot by Raphael Lavoie.
5:34 of 3rd period - Stopped by Devin Cooley with a rebound.
5:36 of 3rd period - Wrist shot by Raphael Lavoie.
5:36 of 3rd period - Stopped by Devin Cooley with a rebound.
5:38 of 3rd period - Snap shot by Justin Barron.
5:38 of 3rd period - Deflect By Martin Kaut.
5:38 of 3rd period - Shot Misses the Net.
5:38 of 3rd period - Puck is out of play.
5:39 of 3rd period - Paul Stastny wins face-off versus Adam Klapka in Philadelphia Phantoms zone.
6:02 of 3rd period - Pontus Holmberg is hit by Lias Andersson.
6:06 of 3rd period - Slapshot by Nils Aman.
6:06 of 3rd period - Deflect By Pontus Holmberg.
6:06 of 3rd period - Shot Misses the Net.
6:06 of 3rd period - Puck is out of play.
6:07 of 3rd period - Lias Andersson wins face-off versus Pontus Holmberg in Rhode Island Whales zone.
6:20 of 3rd period - Snap shot by Lias Andersson.
6:20 of 3rd period - Shot Blocked by Lukas Rousek.
6:32 of 3rd period - Tye Kartye is hit by Lukas Reichel and loses puck.
6:41 of 3rd period - Wrist shot by Lukas Reichel.
6:41 of 3rd period - Shot Misses the Net.
6:43 of 3rd period - Wrist shot by Paul Stastny.
6:43 of 3rd period - Stopped by Devin Cooley with a rebound.
6:45 of 3rd period - Backhand shot by Lukas Reichel.
6:45 of 3rd period - Goal by Lukas Reichel - Rhode Island Whales : 4 - Philadelphia Phantoms : 2.
6:46 of 3rd period - Paul Stastny wins face-off versus Jack McBain in neutral zone.
6:59 of 3rd period - Wrist shot by Tye Kartye.
6:59 of 3rd period - Shot Misses the Net.
8:03 of 3rd period - Snap shot by Tim Gettinger.
8:03 of 3rd period - Stopped by Martin Jones with a rebound.
8:05 of 3rd period - Snap shot by Nick Blankenburg.
8:05 of 3rd period - Stopped by Martin Jones with a rebound.
8:07 of 3rd period - Slapshot by William Borgen.
8:07 of 3rd period - Shot Blocked by Justin Barron.
9:07 of 3rd period - Nils Lundkvist is hit by Lukas Rousek and loses puck.
9:30 of 3rd period - 10 Minutes Misconduct Penalty to Brandon Duhaime is over.
9:47 of 3rd period - Wrist shot by Tim Gettinger.
9:47 of 3rd period - Stopped by Martin Jones without a rebound.
9:48 of 3rd period - Adam Klapka wins face-off versus Isak Rosen in Rhode Island Whales zone.
10:03 of 3rd period - Slapshot by Simon Holmstrom.
10:03 of 3rd period - Shot Misses the Net.
10:13 of 3rd period - William Borgen is hit by Martin Kaut and loses puck.
10:18 of 3rd period - Slapshot by Torey Krug.
10:18 of 3rd period - Shot Misses the Net.
10:20 of 3rd period - Slapshot by Torey Krug.
10:20 of 3rd period - Deflect By Martin Kaut.
10:20 of 3rd period - Shot Misses the Net.
10:20 of 3rd period - Puck is out of play.
10:21 of 3rd period - Jack McBain wins face-off versus Paul Stastny in Philadelphia Phantoms zone.
10:48 of 3rd period - Slapshot by Torey Krug.
10:48 of 3rd period - Stopped by Devin Cooley with a rebound.
10:50 of 3rd period - Slapshot by Trevor van Riemsdyk.
10:50 of 3rd period - Shot Blocked by Tim Berni.
10:52 of 3rd period - Wrist shot by Brett Howden.
10:52 of 3rd period - Shot Blocked by Tim Berni.
10:54 of 3rd period - Slapshot by Torey Krug.
10:54 of 3rd period - Shot Blocked by Pontus Holmberg.
10:56 of 3rd period - Slapshot by Graeme Clarke.
10:56 of 3rd period - Stopped by Devin Cooley with a rebound.
11:15 of 3rd period - Minor Penalty to Raphael Lavoie for Hooking.
11:16 of 3rd period - Egor Afanasyev wins face-off versus Lukas Reichel in Rhode Island Whales zone.
11:21 of 3rd period - Off-side.
11:22 of 3rd period - Lukas Reichel wins face-off versus Ethen Frank in neutral zone.
11:33 of 3rd period - Snap shot by Marcus Bjork.
11:33 of 3rd period - Shot Misses the Net.
11:49 of 3rd period - Wrist shot by Jack McBain.
11:49 of 3rd period - Shot Blocked by Connor Clifton.
11:51 of 3rd period - Wrist shot by Pontus Holmberg.
11:51 of 3rd period - Goal by Pontus Holmberg - Rhode Island Whales : 4 - Philadelphia Phantoms : 3.
11:52 of 3rd period - Paul Stastny wins face-off versus Jack McBain in neutral zone.
12:05 of 3rd period - Wrist shot by Oliver Wahlstrom.
12:05 of 3rd period - Stopped by Devin Cooley with a rebound.
12:39 of 3rd period - Slapshot by Nick Blankenburg.
12:39 of 3rd period - Shot Blocked by Torey Krug.
12:41 of 3rd period - Snap shot by William Borgen.
12:41 of 3rd period - Shot Blocked by Martin Kaut.
12:43 of 3rd period - Snap shot by Pontus Holmberg.
12:43 of 3rd period - Stopped by Martin Jones without a rebound.
12:44 of 3rd period - Paul Stastny wins face-off versus Pontus Holmberg in Rhode Island Whales zone.
13:32 of 3rd period - Cross Hanas is hit by Adam Klapka and loses puck.
14:11 of 3rd period - Torey Krug is hit by Casey Fitzgerald and loses puck.
15:02 of 3rd period - Slapshot by Torey Krug.
15:02 of 3rd period - Stopped by Devin Cooley without a rebound.
15:03 of 3rd period - Paul Stastny wins face-off versus Adam Klapka in Philadelphia Phantoms zone.
15:17 of 3rd period - Minor Penalty to Adam Klapka for Cross-checking.
15:18 of 3rd period - Paul Stastny wins face-off versus Jack McBain in Philadelphia Phantoms zone.
15:40 of 3rd period - William Borgen is hit by Lukas Reichel and loses puck.
16:01 of 3rd period - Wrist shot by Lias Andersson.
16:01 of 3rd period - Stopped by Devin Cooley with a rebound.
16:03 of 3rd period - Snap shot by Brett Howden.
16:03 of 3rd period - Stopped by Devin Cooley with a rebound.
17:17 of 3rd period - Penalty to Adam Klapka is over, Adam Klapka is back on ice.
18:36 of 3rd period - Philadelphia Phantoms, Devin Cooley is pulled from the net.
19:00 of 3rd period - Egor Afanasyev is hit by Raphael Lavoie.
19:16 of 3rd period - Snap shot by Brett Howden.
19:16 of 3rd period - Deflect By Oliver Wahlstrom.
19:16 of 3rd period - Shot Misses the Net.
19:16 of 3rd period - Puck is out of play.
19:17 of 3rd period - Karl Taylor call a timeout for Philadelphia Phantoms.
19:17 of 3rd period - Devin Cooley from Philadelphia Phantoms was sent back in the game.
19:17 of 3rd period - Raphael Lavoie wins face-off versus Jack McBain in Philadelphia Phantoms zone.
19:18 of 3rd period - Wrist shot by Oliver Wahlstrom.
19:18 of 3rd period - Stopped by Devin Cooley with a rebound.
19:20 of 3rd period - Wrist shot by Trevor van Riemsdyk.
19:20 of 3rd period - Stopped by Devin Cooley without a rebound.
19:21 of 3rd period - Jack McBain wins face-off versus Raphael Lavoie in Philadelphia Phantoms zone.
19:30 of 3rd period - Philadelphia Phantoms, Devin Cooley is pulled from the net.
19:30 of 3rd period - Backhand shot by Louis Crevier.
19:30 of 3rd period - Stopped by Martin Jones with a rebound.
19:48 of 3rd period - Snap shot by Egor Afanasyev.
19:48 of 3rd period - Shot Blocked by Raphael Lavoie.
19:53 of 3rd period - Off-side.
19:54 of 3rd period - Jack McBain wins face-off versus Raphael Lavoie in neutral zone.
19:57 of 3rd period - Wrist shot by Jack McBain.
19:57 of 3rd period - Shot Misses the Net.
Goals for this period are 2 for Rhode Island Whales vs 2 for Philadelphia Phantoms.
Shots for this period are 16 for Rhode Island Whales vs 13 for Philadelphia Phantoms.
Back to the Top